Map: 카이로스 정션 - 래더

Players

Zest

  • Race: Protoss Protoss
  • League: Master
  • Spawn Location: 11:00

soO - Winner!

  • Race: Zerg Zerg
  • Spawn Location: 5:00

Event: IEM Season 13 - Katowice Server Qualifiers America

VOD

Have the link to the VOD?

Description

Time

  • Played on: Jan. 6, 2019, 4:59 p.m.
  • Length: 10:26

All games in this series

Show
View Real Time Build Order
Export as new Build Order

Zest Protoss 

Build Orders: 1 Gate Expand, Oracle Opening, Archon Immortal, Archon Drop 

Get SALT Encoding   

  12  0:00  Probe  
  13  0:12  Probe  
  14  0:17  Pylon  
  14  0:24  Probe  
  15  0:32  Probe  
  15  0:38  Gateway  
  15  0:40  Probe  
  16  0:48  Assimilator  
  17  0:51  Probe  
  18  1:07  Probe  
  19  1:26  Probe, Cybernetics Core  
  20  1:35  Nexus  
  20  1:38  Probe  
  21  1:47  Pylon  
  21  1:50  Probe  
  21  1:51  Assimilator  
  22  1:56  Adept  
  22  2:02  Probe  
  25  2:14  Adept, Probe  
  26  2:26  Probe  
  29  2:31  Stargate  
  29  2:38  Probe  
  30  2:44  Probe  
  30  2:47  Stalker  
  30  2:48  Warp Gate  
  30  2:50  Probe  
  34  2:52  Probe  
  35  3:02  Probe  
  35  3:03  Probe  
  37  3:08  Oracle  
  36  3:14  Probe  
  36  3:15  Probe  
  40  3:26  Probe  
  42  3:27  Probe  
  42  3:31  Assimilator  
  42  3:32  Pylon  
  42  3:33  Assimilator  
  42  3:36  Oracle  
  42  3:39  Probe  
  42  3:41  Gateway  
  41  3:44  Probe  
  45  3:51  Probe  
  46  3:56  Probe  
  47  4:03  Probe  
  47  4:08  Robotics Facility, Probe  
  49  4:14  Twilight Council  
  49  4:15  Probe  
  50  4:17  Pylon  
  50  4:20  Probe  
  51  4:27  Probe  
  50  4:32  Probe  
  51  4:42  Probe  
  51  4:43  Gateway  
  51  4:44  Probe  
  51  4:45  Gateway  
  53  4:46  Warp Prism  
  50  4:56  Templar Archives  
  50  4:59  Pylon  
  52  5:02  Adept, Zealot  
  56  5:12  Pylon  
  56  5:16  Probe x2  
  58  5:22  Nexus  
  58  5:23  Observer  
  58  5:26  Pylon  
  59  5:36  Forge  
  59  5:39  High Templar x4  
  67  5:43  Archon x2  
  67  5:45  Probe x2, Immortal  
  69  5:52  Robotics Facility  
  73  5:57  Probe  
  74  6:04  Protoss Ground Weapons Level 1  
  74  6:08  Probe  
  74  6:09  Probe  
  73  6:20  Probe  
  73  6:21  Probe  
  73  6:22  Assimilator  
  73  6:24  Assimilator  
  75  6:26  Observer, Immortal  
  75  6:28  Pylon  
  75  6:32  Probe  
  76  6:37  Probe x2  
  76  6:38  Psionic Storm  
  82  6:41  Immortal  
  86  6:48  Probe  
  86  6:49  Probe  
  88  6:57  Probe  
  88  7:01  Probe  
  89  7:02  Probe  
  89  7:03  Pylon  
  89  7:05  Pylon  
  89  7:08  High Templar x2  
  94  7:09  Probe  
  94  7:13  Immortal  
  99  7:24  Immortal  
  99  7:27  Photon Cannon  
  99  7:28  Charge  
  99  7:29  Shield Battery  
  103  7:33  Gateway  
  103  7:34  Gateway, Photon Cannon  
  103  7:44  Photon Cannon  
  103  7:46  High Templar x2  
  107  7:53  Protoss Ground Weapons Level 2  
  107  7:56  Gateway  
  107  7:58  Gateway  
  107  7:59  High Templar  
  107  8:00  High Templar  
  107  8:01  Pylon  
  107  8:04  Archon  
  111  8:06  Probe x2  
  111  8:07  Shield Battery  
  111  8:10  Pylon x2  
  113  8:13  Pylon  
  113  8:18  Observer  
  113  8:19  Observer  
  115  8:23  Pylon  
  115  8:24  Pylon  
  115  8:28  Zealot x4  
  123  8:40  Zealot x2  
  119  8:49  Archon  
  119  8:54  Immortal, Zealot  
  119  8:55  Zealot x4  
  106  9:15  High Templar x2  
  106  9:16  High Templar x3, Zealot x2  
  106  9:17  Immortal, Zealot  
  114  9:21  Archon x2  
  117  9:32  Archon  
  117  9:36  Immortal  
  117  9:37  Zealot x3  
  104  9:51  Zealot x5  
  108  9:59  Zealot x3  
Show
View Real Time Build Order
Export as new Build Order

soO Zerg - Winner!

Build Orders: Hatch First, Swarm Host 

Get SALT Encoding   

  12  0:00  Drone  
  13  0:12  Overlord  
  13  0:16  Drone  
  14  0:30  Drone  
  15  0:45  Hatchery  
  15  0:48  Drone  
  15  0:52  Drone  
  15  0:55  Drone  
  17  1:01  Drone  
  18  1:09  Extractor  
  17  1:18  Spawning Pool  
  16  1:19  Drone  
  16  1:22  Drone  
  19  1:32  Drone  
  19  1:43  Drone  
  20  1:52  Overlord  
  20  2:04  Queen x2  
  20  2:05  Zergling x4  
  26  2:10  Metabolic Boost  
  26  2:14  Drone  
  27  2:17  Drone  
  27  2:20  Drone  
  29  2:25  Drone  
  30  2:32  Zergling x2  
  30  2:36  Zergling x2  
  32  2:45  Hatchery  
  31  2:53  Zergling x2  
  31  2:55  Zergling x2  
  31  2:57  Overlord  
  33  2:59  Queen  
  33  3:02  Drone  
  36  3:11  Drone  
  35  3:17  Drone x5  
  35  3:19  Drone  
  41  3:26  Overlord  
  41  3:30  Drone x3  
  43  3:36  Zergling x2  
  44  3:43  Queen  
  44  3:44  Spore Crawler  
  45  3:52  Zergling x2  
  45  3:53  Drone x3  
  45  3:54  Drone x2  
  51  3:57  Queen  
  51  4:00  Drone  
  54  4:04  Overlord  
  54  4:05  Drone  
  55  4:12  Overlord  
  55  4:14  Lair  
  55  4:15  Spore Crawler  
  54  4:18  Spore Crawler  
  54  4:23  Drone x2  
  54  4:24  Drone x3  
  54  4:27  Drone  
  54  4:29  Drone  
  57  4:31  Zergling x4  
  57  4:32  Drone  
  57  4:35  Drone  
  57  4:37  Drone  
  62  4:41  Extractor  
  62  4:42  Extractor  
  62  4:45  Roach Warren, Drone x2  
  61  4:46  Drone  
  61  4:51  Zergling x2  
  60  4:54  Drone  
  60  4:57  Drone x5  
  66  5:01  Overlord  
  66  5:04  Overlord  
  66  5:10  Overlord  
  66  5:16  Extractor  
  66  5:17  Drone  
  66  5:18  Overlord  
  66  5:20  Drone  
  66  5:21  Drone x4  
  71  5:26  Glial Reconstitution  
  71  5:27  Drone  
  71  5:28  Drone x3  
  75  5:34  Drone  
  76  5:39  Roach x6  
  88  5:44  Extractor  
  88  5:45  Evolution Chamber  
  88  5:47  Overseer  
  88  5:48  Drone  
  88  5:49  Drone x2  
  89  5:55  Roach x2  
  89  5:56  Roach  
  95  5:58  Roach  
  95  6:16  Zerg Missile Weapons Level 1  
  95  6:21  Drone x3  
  95  6:24  Hatchery  
  97  6:27  Overlord  
  97  6:34  Overlord  
  97  6:38  Drone x2, Infestation Pit  
  98  6:40  Extractor  
  98  6:42  Overlord  
  98  6:44  Overlord  
  98  6:47  Roach x4  
  104  7:03  Drone  
  105  7:11  Overlord  
  105  7:12  Drone  
  105  7:13  Overlord  
  106  7:22  Overlord  
  106  7:23  Swarm Host x7  
  127  7:31  Hatchery  
  127  7:32  Swarm Host x2  
  127  7:33  Swarm Host x2  
  138  7:42  Swarm Host  
  138  7:43  Swarm Host x4  
  155  7:48  Queen, Drone x2  
  155  7:51  Overlord  
  156  7:54  Overlord  
  156  8:00  Overlord x2, Ravager  
  156  8:03  Overlord  
  157  8:07  Ravager x2  
  157  8:08  Overlord, Ravager  
  157  8:10  Roach  
  157  8:11  Roach x3  
  168  8:14  Roach x4  
  176  8:20  Zergling x6  
  176  8:22  Drone x3  
  176  8:23  Extractor  
  181  8:29  Roach x2  
  181  8:33  Drone  
  186  8:35  Drone  
  186  8:37  Roach x6  
  197  8:52  Roach x2  
  197  8:53  Roach  
  197  8:54  Roach  
  195  8:58  Roach x4  
  178  9:15  Roach  
  178  9:16  Roach x11  
  199  9:34  Spire  
  199  9:36  Ravager  
  199  9:49  Zergling x2  
  192  9:56  Roach x6  
  192  9:57  Roach  
  192  9:58  Roach x2  
  200  10:03  Roach  
  200  10:04  Roach  
  200  10:06  Roach x2  
  200  10:07  Roach  
  195  10:17  Extractor  
  195  10:20  Ravager  

Tags
 
Add a new tag
Caveats
  • Supply blocks, unpowered buildings, or Contaminate may cause inaccurate times.
  • Supply counts are checked every 10 seconds.